 Dungeon Crawl Stone Soup version 0.30.1-11-g7821555f0a (webtiles) character file.

Game seed: 9829421472693792950

268121 jfcaron the Severer (level 20, -1/139 (162) HPs)
             Began as a Gnoll Berserker on Nov 22, 2023.
             Was a High Priest of Trog.
             Slain by a +1 long sword of electrocution (8 damage)
             ... on level 2 of the Elven Halls on Nov 23, 2023.
             The game lasted 02:18:07 (54030 turns).

jfcaron the Severer (Gnoll Berserker)              Turns: 54030, Time: 02:18:08

HP:   -1/139 (162)  AC: 29    Str: 32    XL:     20   Next: 14%
MP:   38/38         EV: 15    Int: 12    God:    Trog [*****.]
Gold: 1089          SH: 13    Dex: 15    Spells: 47/47 levels left

rFire   . . .        a - +7 broad axe (freeze)
rCold   . . .        F - +0 kite shield
rNeg    . . .        r - +1 plate armour {Will+}
rPois   +            q - +4 hat of the Valley of Death {Harm Str+3 SInv}
rElec   +            L - +0 cloak
rCorr   .            C - +2 pair of gloves {infuse}
SInv    +            T - +1 pair of boots
Will    ++...        m - amulet "Ekies" {RegenMP rElec Str+2 Dex+2 Slay+3}
Stlth   +            e - +4 ring of slaying
HPRegen 0.43/turn    S - +6 ring of strength
MPRegen 0.66/turn

%: harm (+30% outgoing, +20% incoming), infuse magic (1 MP)
@: about to teleport, heavily drained
A: fangs 1, strong nose, distributed training, clever 1, poison resistance
}: 2/15 runes: decaying, gossamer
a: Renounce Religion, Berserk, Trog's Hand, Brothers in Arms


You were on level 2 of the Elven Halls.
You worshipped Trog.
Trog was extremely pleased with you.
You visited 6 branches of the dungeon, and saw 32 of its levels.
You also visited: Sewer, Ossuary and Ice Cave.

You collected 3573 gold pieces.
You spent 2484 gold pieces at shops.

Inventory:

Hand Weapons
 a - a +7 broad axe of freezing (weapon)
   (You found it in an ice cave)
 b - a +3 hand crossbow of freezing
   (You found it in an ice cave)
 w - the +8 arc blade {discharge, rElec}
   (You took it off Nikola on level 2 of the Swamp)

   rElec:     It insulates you from electricity.
 R - the +8 war axe of Insufficient Pleasure {heavy, rF+ Will+ Int+3}
   (You found it on level 13 of the Dungeon)

   Int:       It affects your intelligence (+3).
   rF:        It protects you from fire.
   Will:      It increases your willpower.
Missiles
 n - a boomerang of dispersal {!f}
 t - a throwing net {!f}
 v - a silver javelin {!f}
 V - 2 boomerangs
 X - a curare-tipped dart {!f}
 Y - 7 javelins
Armour
 q - the +4 hat of the Valley of Death (worn) {Harm Str+3 SInv}
   (You found it on level 4 of the Spider Nest)

   Str:       It affects your strength (+3).
   SInv:      It lets you see invisible.
   Harm:      It increases damage dealt and taken.
 r - a +1 plate armour of willpower (worn)
   (You took it off an orc warrior on level 2 of the Orcish Mines)
 C - a +2 pair of gloves of infusion (worn)
   (You bought it in a shop on level 5 of the Dungeon)
 F - a +0 kite shield (worn)
 L - a +0 cloak (worn)
 O - a +2 plate armour of cold resistance
   (You took it off Saint Roka on level 2 of the Elven Halls)
 T - a +1 pair of boots (worn)
Jewellery
 e - a +4 ring of slaying (left hand)
   (You found it on level 1 of the Dungeon)
 m - the amulet "Ekies" (around neck) {RegenMP rElec Str+2 Dex+2 Slay+3}
   (You bought it in a shop on level 12 of the Dungeon)

   [amulet of magic regeneration]

   It increases your rate of magic regeneration.
   Str:       It affects your strength (+2).
   Dex:       It affects your dexterity (+2).
   Slay:      It affects your accuracy & damage with ranged weapons and melee
   (+3).
   rElec:     It insulates you from electricity.
 H - a ring of protection from fire
   (You took it off an orc warrior on level 11 of the Dungeon)
 S - a +6 ring of strength (right hand)
   (You found it on level 1 of the Lair of Beasts)
Wands
 f - a wand of acid (3)
 s - a wand of polymorph (4)
 u - a wand of paralysis (28)
   (You took it off an orc warrior on level 9 of the Dungeon)
 x - a wand of mindburst (4)
 y - a wand of flame (50)
   (You bought it in a shop on level 2 of the Orcish Mines)
 G - a wand of digging (7)
   (You found it on level 7 of the Dungeon)
 P - a wand of roots (3)
Scrolls
 h - 2 scrolls of poison
 i - a scroll of enchant armour
 k - 5 scrolls of magic mapping
 p - 3 scrolls of blinking
 B - 6 scrolls of vulnerability
 D - 5 scrolls of fear
 E - 9 scrolls of teleportation
 K - 4 scrolls of immolation
 M - 4 scrolls of fog
Potions
 c - 10 potions of attraction
 d - 6 potions of might
 g - 9 potions of curing
 j - 4 potions of haste
 l - 2 potions of resistance
 o - 3 potions of berserk rage
 z - 5 potions of invisibility
 A - 7 potions of ambrosia
 I - 2 potions of cancellation
 J - 4 potions of lignification
 N - 2 potions of magic
 Q - 2 potions of flight
 Z - 4 potions of heal wounds
Miscellaneous
 U - a box of beasts
   (You found it on level 9 of the Dungeon)


   Skills:
 + Level 15.3 Fighting
 + Level 14.0 Short Blades
 + Level 14.0 Long Blades
 + Level 15.3 Axes
 + Level 14.0 Maces & Flails
 + Level 14.0 Polearms
 + Level 14.0 Staves
 + Level 14.0 Ranged Weapons
 + Level 14.0 Throwing
 + Level 14.7 Armour
 + Level 14.7 Dodging
 + Level 14.0 Stealth
 + Level 14.0 Shields
 + Level 14.0 Unarmed Combat
 + Level 14.0 Spellcasting
 + Level 11.9 Conjurations
 + Level 11.9 Hexes
 + Level 11.9 Summonings
 + Level 11.9 Necromancy
 + Level 11.9 Translocations
 + Level 11.9 Transmutations
 + Level 11.9 Fire Magic
 + Level 11.9 Ice Magic
 + Level 11.9 Air Magic
 + Level 11.9 Earth Magic
 + Level 11.9 Poison Magic
 + Level 15.2 Invocations
 + Level 14.0 Evocations


You had 47 spell levels left.
You didn't know any spells.
Your spell library contained the following spells:

 Spells                   Type           Power      Damage    Failure   Level
 Magic Dart               Conj           100%       1d8       1%          1
 Sandblast                Erth           74%        2d16      1%          1
 Shock                    Conj/Air       100%       1d9       1%          1
 Slow                     Hex            100%       N/A       1%          1
 Call Imp                 Summ           74%        N/A       1%          2
 Cigotuvi's Dreadful Rot  Necr/Pois/Air  74%        N/A       1%          2
 Ensorcelled Hibernation  Hex/Ice        74%        N/A       1%          2
 Lesser Beckoning         Tloc           74%        N/A       1%          2
 Passwall                 Tmut/Erth      30%        N/A       1%          2
 Poisonous Vapours        Pois/Air       74%        N/A       1%          2
 Sublimation of Blood     Necr           37%        N/A       1%          2
 Call Canine Familiar     Summ           37%        N/A       1%          3
 Confusing Touch          Hex            37%        N/A       1%          3
 Gell's Gravitas          Tloc           37%        N/A       1%          3
 Ignite Poison            Fire/Tmut/Pois 37%        N/A       1%          3
 Mephitic Cloud           Conj/Pois/Air  37%        N/A       1%          3
 Stone Arrow              Conj/Erth      74%        3d11      1%          3
 Swiftness                Air            37%        N/A       1%          3
 Teleport Other           Tloc           37%        N/A       1%          3
 Vampiric Draining        Necr           37%        2d8       1%          3
 Airstrike                Air            18%        2d(3-19)  4%          4
 Iskenderun's Mystic Bla  Conj/Tloc      37%        2d9       4%          4
 Leda's Liquefaction      Hex/Erth       18%        N/A       4%          4
 Passage of Golubria      Tloc           37%        N/A       4%          4
 Petrify                  Tmut/Erth      37%        N/A       4%          4
 Fireball                 Conj/Fire      18%        3d9       12%         5
 Freezing Cloud           Conj/Ice/Air   18%        6-21      12%         5
 Irradiate                Conj/Tmut      18%        3d17      12%         5
 Iskenderun's Battlesphe  Conj           37%        2d9       12%         5
 Lee's Rapid Deconstruct  Erth           18%        3d11*     12%         5
 Silence                  Hex/Air        18%        N/A       12%         5
 Summon Forest            Summ/Tloc      18%        N/A       12%         5
 Summon Mana Viper        Hex/Summ       37%        N/A       12%         5
 Conjure Ball Lightning   Conj/Air       18%        3x3d6     54%         6
 Eringya's Noxious Bog    Tmut/Pois      18%        N/A       54%         6
 Statue Form              Tmut/Erth      24%        N/A       54%         6
 Summon Cactus Giant      Summ           18%        N/A       54%         6
 Orb of Destruction       Conj           18%        9d8       98%         7
 Summon Hydra             Summ           18%        N/A       98%         7
 Lehudib's Crystal Spear  Conj/Erth      18%        10d6      100%        8


Dungeon Overview and Level Annotations

Branches:
Dungeon (15/15)            Temple (0/1) D:5            Lair (5/5) D:8
  Swamp (4/4) Lair:2       Spider (4/4) Lair:2        Slime (0/5) Lair:5
    Orc (2/2) D:10            Elf (2/3) Orc:2        Vaults (0/5) D:13
 Depths (0/4) D:15          Sewer (visited)         Ossuary (visited)
  IceCv (visited)

Altars:
Ashenzari
Cheibriados
Uskayaw
Xom
Yredelemnul
Jiyva

Shops:
D:1 *   D:2 [   D:5 :*:(   D:12 =   D:13 :(   D:14 !   Orc:1 !   Orc:2 =*?
Elf:2 ((:[

Portals:
Pandemonium: Orc:2
Trove: D:15 (show abyssal rune of Zot)


Innate Abilities, Weirdness & Mutations

You have very sharp teeth.
Your uncanny sense of smell can sniff out nearby items.
Your experience applies equally to all skills.
Your mind is acute. (Int +4, Str/Dex -1)
Your system is resistant to poisons. (rPois)


Message History

You block the +1 long sword of electrocution's attack.
You hit the +4 executioner's axe of draining but do no damage.
The +4 executioner's axe of draining is severely damaged.
You miss the +1 long sword of electrocution.
You block the +1 long sword of electrocution's attack.
The +4 executioner's axe of draining hits you!!
* * * LOW HITPOINT WARNING * * *
You feel drained.
* * * LOW HITPOINT WARNING * * *
Blink to where?
Press: ? - help, Dir - move target
As you read the scroll of blinking, it crumbles to dust.
As you read the scroll of teleportation, it crumbles to dust.
You feel strangely unstable.
Aiming: Corrosive Bolt
Press: ? - help, Shift-Dir - straight line, f - +1 long sword of electrocution
Aim: a +1 long sword of electrocution (51% to hit)
Okay, then.
Throw: 2 javelins (silver) {!f}
Press: ? - help, Shift-Dir - straight line, f - +4 executioner's axe of draining
Aim: a +4 executioner's axe of draining (severely damaged, 63% to hit)
You throw a silver javelin {!f}.
The silver javelin {!f} pierces through the +1 long sword of electrocution!
The +1 long sword of electrocution is heavily damaged.
The silver javelin {!f} pierces through the +4 executioner's axe of draining but does no damage.
The +4 executioner's axe of draining is severely damaged.
Aiming: Corrosive Bolt
Press: ? - help, Shift-Dir - straight line, f/p - +4 executioner's axe of draining
Aim: a +4 executioner's axe of draining (severely damaged, 57% to hit)
The bolt of acid hits the +4 executioner's axe of draining!!
The acid corrodes the +4 executioner's axe of draining!
The +4 executioner's axe of draining falls from the air.
Trog accepts your kill.
Okay, then.
Okay, then.
The +1 long sword of electrocution attacks as you move away!
The +1 long sword of electrocution hits you!
* * * LOW HITPOINT WARNING * * *
The +1 long sword of electrocution hits you!
You die...

##.....(..........
##.)..)..........
##...).##...##..
##..).)####.##
#....)################
#......##...#.....#...
##......#..#.#...#.#..
##..(..#.#...#.#...#.
##..@..##.....#.....#
#......'.#...#.#...#.
#.......'..#.#...#.#..
#.......'...#.....#...
#.......'..#.#...#)#..
##......'.#...#.#..)#.
##.....##.....#.....#
#.....#.#...#.#...#.
#......#..#.#...#.#..


You could see a +1 long sword of electrocution.

Vanquished Creatures
  Saint Roka (Elf:2)
  Nikola (Swamp:2)
  Jorgrun (D:13)
  A thorn hunter (Swamp:2)
  The ghost of strifetoe the Basher, an adept DjHW of Ashenzari (Spider:1)
  A deep elf sorcerer (Elf:1)
  7 emperor scorpions
  Roxanne (D:14)
  Aizul (Swamp:1)
  4 ghost moths (Spider:4)
  A frost giant (IceCv)
  6 eleionomae
  A broodmother (Spider:1)
  9 spark wasps
  5 bunyips
  2 ettins
  The ghost of Grendle the Carver, a journeyman BaFi of Cheibriados (Lair:3)
  A deep elf death mage (Elf:2)
  4 entropy weavers
  3 fire dragons (Swamp:4)
  An ice dragon (D:15)
  12 hydras
  2 centaur warriors (D:13)
  Erica (D:11)
  5 catoblepae
  4 radroaches
  5 ghost crabs
  2 jorogumos (Spider:2)
  3 demonspawn (Orc:2)
  9 boulder beetles
  5 alligators
  12 death yaks
  7 orc high priests (Orc:2)
  6 two-headed ogres
  2 death scarabs
  13 dancing weapons
  2 tengu warriors
  8 deep elf knights
  A skyshark (Lair:5)
  2 sun moths (Spider:4)
  8 pharaoh ants
  16 skeletal warriors
  A soul eater (Orc:2)
  2 goliath frogs
  2 deep trolls (D:15)
  9 orb spiders
  4 spriggan druids
  14 swamp dragons
  3 lindwurms (Swamp:4)
  8 orc knights
  A wizard (D:15)
  8 steelbarb worms
  2 deep elf archers
  19 deep elf zephyrmancers
  2 bog bodies (Swamp:3)
  15 deep elf pyromancers
  3 necromancers
  18 ugly things
  19 wolf spiders
  7 manticores
  7 orc sorcerers
  2 moths of wrath (Spider:2)
  2 will-o-the-wisps
  Joseph (Lair:1)
  5 cyclopes
  9 elephants
  4 black mambas
  8 demonic crawlers
  2 ice statues
  An orange demon (Orc:2)
  14 torpor snails
  A gargoyle (D:13)
  16 cane toads
  3 unseen horrors (D:11)
  Maggie (Lair:1)
  22 rime drakes
  3 kobold demonologists
  10 komodo dragons
  A tengu conjurer (D:15)
  A yaktaur (D:15)
  2 ice devils (D:12)
  The ghost of Mig the Ruffian, an amateur TrMo of Ru (D:7)
  3 bloated husks
  A queen bee (shapeshifter) (D:14)
  6 trolls
  9 tyrant leeches
  8 polar bears
  3 meliai (Spider:1)
  12 dream sheep (Lair:3)
  30 tarantellas
  29 blink frogs
  A raiju (shapeshifter) (Elf:2)
  13 hornets
  14 slime creatures
  27 jumping spiders
  4 air elementals
  33 culicivoras
  2 vampires
  8 spriggans
  A wyvern (shapeshifter) (Spider:2)
  3 water elementals
  3 shadows
  4 fire elementals
  81 yaks
  7 steam dragons
  Grum (D:9)
  5 wraiths
  5 wyverns
  8 basilisks
  96 redbacks
  12 vampire mosquitoes
  Menkaure (Ossuary)
  A chaos spawn (Orc:2)
  3 wargs
  19 swamp worms
  13 water moccasins
  A floating eye (D:11)
  2 acid dragons (D:11)
  Duvessa (D:4)
  4 ice beasts
  48 orc warriors
  A meliai simulacrum (D:14)
  10 swamp drakes
  4 black bears
  A sky beast (D:8)
  9 ogres
  8 boggarts
  22 wolves
  3 centaurs
  2 phantoms
  3 kobold brigands
  9 bullfrogs
  4 gnoll sergeants
  2 scorpions
  2 earth elementals (Elf:2)
  A wight (D:8)
  A troll zombie (D:10)
  Dowan (D:4)
  10 killer bees
  11 electric eels
  4 howler monkeys
  A lava snake (Swamp:4)
  4 centaur zombies (Ossuary)
  2 hounds
  2 jellies
  A human zombie (Ossuary)
  30 orc priests
  A sleepcap (D:5)
  Natasha (thrice) (D:4)
  5 iguanas
  14 orc wizards
  8 ogre zombies
  6 mummies (Ossuary)
  20 gnolls
  A river rat (D:5)
  7 adders
  A shadow imp (D:7)
  2 white imps
  3 ufetubi
  9 adder zombies (Ossuary)
  3 worms
  2 dart slugs
  103 orcs
  6 ball pythons
  9 bats
  9 endoplasms
  4 giant cockroaches
  5 goblins
  4 hobgoblins
  2 jackals (D:2)
  8 quokkas
  10 frilled lizards
  2 goblin skeletons (D:10)
  9 goblin zombies
  4 hobgoblin zombies (D:10)
  16 kobolds
  2 kobold zombies (Ossuary)
  5 orc skeletons (D:10)
  11 orc zombies (D:10)
  4 quokka zombies (Ossuary)
  9 rats
  3 rat zombies (Ossuary)
  3 ball lightnings (Spider:1)
  12 foxfires
1426 creatures vanquished.

Notes
Turn   | Place    | Note
-------+----------+-------------------------------------------
     0 | D:1      | jfcaron the Gnoll Berserker began the quest for the Orb.
     0 | D:1      | Reached XP level 1. HP: 23/23 MP: 1/1
   227 | D:1      | Found a faded altar of an unknown god.
   258 | D:1      | Reached XP level 2. HP: 29/29 MP: 2/2
   572 | D:1      | Found Epymaby's Assorted Antiques.
   589 | D:1      | Bought a smoky sapphire potion for 18 gold pieces
   959 | D:1      | Bought a scroll labelled ILEAPR YWOMPE for 21 gold pieces
   959 | D:1      | Bought a scroll labelled COEGURETEOK for 21 gold pieces
  1217 | D:2      | Reached XP level 3. HP: 35/35 MP: 3/3
  1228 | D:2      | Found Omniga's Armour Shop.
  1402 | D:1      | Bought a scroll labelled ONEISU INKIH for 21 gold pieces
  1402 | D:1      | Bought a scroll labelled WIYMAREHOE for 21 gold pieces
  1402 | D:1      | Bought a scroll labelled PEEWOT QADETAXTA for 21 gold
                  | pieces
  1474 | D:2      | Reached skill level 1 in Invocations
  1535 | D:2      | Reached skill level 1 in Short Blades
  1535 | D:2      | Reached skill level 1 in Long Blades
  1535 | D:2      | Reached skill level 1 in Maces & Flails
  1535 | D:2      | Reached skill level 1 in Polearms
  1535 | D:2      | Reached skill level 1 in Staves
  1535 | D:2      | Reached skill level 1 in Ranged Weapons
  1535 | D:2      | Reached skill level 1 in Throwing
  1535 | D:2      | Reached skill level 1 in Stealth
  1535 | D:2      | Reached skill level 1 in Shields
  1535 | D:2      | Reached skill level 1 in Unarmed Combat
  1535 | D:2      | Reached skill level 1 in Spellcasting
  1535 | D:2      | Reached skill level 1 in Evocations
  1773 | D:2      | Reached XP level 4. HP: 41/41 MP: 5/5
  1794 | D:2      | Reached ** piety under Trog
  2106 | D:3      | Reached skill level 1 in Conjurations
  2106 | D:3      | Reached skill level 1 in Hexes
  2106 | D:3      | Reached skill level 1 in Summonings
  2106 | D:3      | Reached skill level 1 in Necromancy
  2106 | D:3      | Reached skill level 1 in Translocations
  2106 | D:3      | Reached skill level 1 in Transmutations
  2106 | D:3      | Reached skill level 1 in Fire Magic
  2106 | D:3      | Reached skill level 1 in Ice Magic
  2106 | D:3      | Reached skill level 1 in Air Magic
  2106 | D:3      | Reached skill level 1 in Earth Magic
  2106 | D:3      | Reached skill level 1 in Poison Magic
  2253 | D:3      | Reached XP level 5. HP: 41/47 MP: 5/7
  2351 | D:2      | Bought a +0 helmet for 63 gold pieces
  2839 | D:4      | Noticed Natasha
  2843 | D:4      | Killed Natasha
  2843 | D:4      | Reached *** piety under Trog
  3300 | D:4      | Noticed Natasha
  3304 | D:4      | Killed Natasha
  3413 | D:4      | Noticed Natasha
  3423 | D:4      | Killed Natasha
  3424 | D:4      | Reached XP level 6. HP: 52/53 MP: 8/8
  3462 | D:4      | Reached skill level 5 in Armour
  3462 | D:4      | Reached skill level 5 in Dodging
  3804 | D:4      | Noticed Dowan
  3807 | D:4      | Noticed Duvessa
  3809 | D:4      | Killed Dowan
  3824 | D:4      | Killed Duvessa
  3825 | D:4      | Reached XP level 7. HP: 60/60 MP: 10/10
  4200 | D:5      | Entered Level 5 of the Dungeon
  4204 | D:5      | Found Upuk's Book Boutique.
  4208 | D:5      | Found Arounid's General Store.
  4255 | D:5      | Found a glowing drain.
  4271 | Sewer    | Entered a sewer
  4419 | D:5      | Noticed a steam dragon
  4432 | D:5      | Killed a steam dragon
  4433 | D:5      | Reached XP level 8. HP: 17/67 MP: 12/12
  4725 | D:5      | Found Nubbopal's Weapon Emporium.
  4729 | D:5      | Found Osaunur's Book Boutique.
  4828 | D:5      | Reached **** piety under Trog
  5027 | D:5      | Bought a +2 pair of gloves of infusion for 236 gold pieces
  5040 | D:5      | Found a broken altar of Ashenzari.
  5040 | D:5      | Found a hide-covered altar of Uskayaw.
  5142 | D:5      | Found a staircase to the Ecumenical Temple.
  5543 | D:6      | Found a snail-covered altar of Cheibriados.
  5772 | D:6      | Found a basalt altar of Yredelemnul.
  6099 | D:7      | Reached XP level 9. HP: 25/73 MP: 1/14
  6123 | D:7      | Found a transporter.
  6162 | D:7      | Found a sand-covered staircase.
  6171 | Ossuary  | Entered an ossuary
  6360 | Ossuary  | Noticed Menkaure
  6364 | Ossuary  | Killed Menkaure
  6837 | Ossuary  | Reached ***** piety under Trog
  7071 | D:7      | Found a transporter.
  7074 | D:7      | Noticed Mig's ghost (amateur TrMo)
  7087 | D:7      | Identified the +6 great mace of Checks and Balances {vamp,
                  | rPois rF+}
  7087 | D:7      | Identified the +3 dire flail "Pinnyismu" {flame, Int-2
                  | Dex+4}
  7087 | D:7      | Noticed a two-headed ogre
  7370 | D:7      | Noticed a two-headed ogre
  7382 | D:7      | Killed a two-headed ogre
  7383 | D:7      | Reached skill level 5 in Invocations
  7383 | D:7      | HP: 21/111 [poisoned by a water moccasin]
  7388 | D:7      | HP: 12/74 [poisoned by a water moccasin]
  7620 | D:8      | Reached skill level 5 in Short Blades
  7620 | D:8      | Reached skill level 5 in Long Blades
  7620 | D:8      | Reached skill level 5 in Maces & Flails
  7620 | D:8      | Reached skill level 5 in Polearms
  7620 | D:8      | Reached skill level 5 in Staves
  7620 | D:8      | Reached skill level 5 in Ranged Weapons
  7620 | D:8      | Reached skill level 5 in Throwing
  7620 | D:8      | Reached skill level 5 in Stealth
  7620 | D:8      | Reached skill level 5 in Shields
  7620 | D:8      | Reached skill level 5 in Unarmed Combat
  7620 | D:8      | Reached skill level 5 in Spellcasting
  7620 | D:8      | Reached skill level 5 in Evocations
  7620 | D:8      | Reached XP level 10. HP: 67/81 MP: 7/17
  8239 | D:8      | Found a staircase to the Lair.
  8532 | D:8      | Received a gift from Trog
  8894 | D:9      | Reached skill level 5 in Conjurations
  8894 | D:9      | Reached skill level 5 in Hexes
  8894 | D:9      | Reached skill level 5 in Summonings
  8894 | D:9      | Reached skill level 5 in Necromancy
  8894 | D:9      | Reached skill level 5 in Translocations
  8894 | D:9      | Reached skill level 5 in Transmutations
  8894 | D:9      | Reached skill level 5 in Fire Magic
  8894 | D:9      | Reached skill level 5 in Ice Magic
  8894 | D:9      | Reached skill level 5 in Air Magic
  8894 | D:9      | Reached skill level 5 in Earth Magic
  8894 | D:9      | Reached skill level 5 in Poison Magic
  8944 | D:9      | You fall into a shaft and drop 3 floors!
  8976 | D:12     | Reached XP level 11. HP: 89/89 MP: 20/20
  9007 | D:12     | HP: 14/89 [gnoll sergeant/+3 spear of venom (13)]
  9049 | D:12     | Found a frozen archway.
  9102 | IceCv    | Entered an ice cave
  9305 | IceCv    | Noticed a death yak
  9309 | IceCv    | Killed a death yak
  9338 | IceCv    | Noticed a death yak
  9339 | IceCv    | Noticed a death yak
  9369 | IceCv    | Killed a death yak
  9373 | IceCv    | HP: 22/133 [death yak (12)]
  9375 | IceCv    | Killed a death yak
 10005 | IceCv    | Noticed a death yak
 10012 | IceCv    | Killed a death yak
 10023 | IceCv    | Noticed a death yak
 10030 | IceCv    | Killed a death yak
 10037 | IceCv    | Noticed a death yak
 10044 | IceCv    | Reached XP level 12. HP: 88/97 MP: 9/22
 10057 | IceCv    | Killed a death yak
 10087 | IceCv    | Noticed a death yak
 10087 | IceCv    | Noticed a frost giant
 10108 | IceCv    | Killed a death yak
 10113 | IceCv    | HP: 5/97 [frost giant/bolt of cold (38)]
 10120 | IceCv    | Killed a frost giant
 10121 | IceCv    | Reached skill level 10 in Fighting
 10121 | IceCv    | Reached skill level 10 in Axes
 10591 | D:12     | Noticed a two-headed ogre
 10606 | D:12     | Killed a two-headed ogre
 11065 | D:11     | HP: 17/97 [something (3)]
 11341 | D:11     | Noticed Erica
 11353 | D:11     | Killed Erica
 11562 | D:10     | Entered Level 10 of the Dungeon
 12154 | D:9      | Found a shimmering altar of Xom.
 12315 | D:9      | Noticed Grum
 12329 | D:9      | Killed Grum
 12765 | D:10     | HP: 15/98 [large slime creature (25)]
 12774 | D:10     | Noticed a soul eater
 13155 | D:10     | Reached XP level 13. HP: 104/104 MP: 21/25
 13478 | D:10     | Found a staircase to the Orcish Mines.
 14698 | D:11     | HP: 19/104 [acid dragon (9)]
 14698 | D:11     | HP: 3/104 [acid dragon/splash of acid (16)]
 14863 | D:11     | HP: 14/104 [cyclops/large rock (28)]
 14864 | D:11     | HP: 2/104 [cyclops/large rock (13)]
 15668 | D:11     | Received a gift from Trog
 16825 | D:12     | Found Yjuovy's Jewellery Emporium.
 16928 | D:12     | HP: 20/105 [manticore/volley of spikes (3)]
 16932 | D:12     | HP: 9/105 [manticore (8)]
 17483 | Orc:1    | Entered Level 1 of the Orcish Mines
 17488 | Orc:1    | Reached skill level 10 in Armour
 17488 | Orc:1    | Reached skill level 10 in Dodging
 17620 | Orc:1    | Found Oddagei's Distillery.
 17628 | Orc:1    | Bought 2 potions of heal wounds for 180 gold pieces
 17628 | Orc:1    | Bought a potion of curing for 54 gold pieces
 18385 | Orc:2    | Entered Level 2 of the Orcish Mines
 19018 | Orc:2    | HP: 18/159 [orc warrior/+0 scimitar[an orc knight] (19)]
 19021 | Orc:2    | HP: 7/159 [orc warrior/+1 dire flail of protection[an orc
                  | knight] (14)]
 19845 | Orc:2    | Found a staircase to the Elven Halls.
 20092 | Orc:2    | Received a gift from Trog
 20347 | Orc:2    | Reached skill level 10 in Invocations
 20347 | Orc:2    | Reached XP level 14. HP: 92/113 MP: 20/27
 20834 | Orc:2    | Found Ugam's General Store.
 20864 | Orc:2    | Found Kyt Ruobb's Magic Scroll Emporium.
 20870 | Orc:2    | Bought a scroll of blinking for 112 gold pieces
 20870 | Orc:2    | Bought a scroll of identify for 30 gold pieces
 21494 | Orc:2    | HP: 30/169 [orc high priest/divine providence (10)]
 21498 | Orc:2    | HP: 13/169 [orc high priest/+1 flail of protection (13)]
 21503 | Orc:2    | HP: 14/113 [orc priest/+0 trident (8)]
 21508 | Orc:2    | HP: 18/113 [orc priest/+0 trident (1)]
 22508 | Orc:2    | HP: 17/112 [demonspawn (8)]
 22897 | Orc:2    | Found Obeymioq's Antique Armour Boutique.
 22897 | Orc:2    | Found Purchorch's Jewellery Shop.
 22897 | Orc:2    | Found a one-way gate leading to the halls of Pandemonium.
 22986 | Orc:2    | Bought a ring of see invisible for 195 gold pieces
 23015 | Orc:2    | Bought a scroll of immolation for 60 gold pieces
 23017 | Orc:2    | Bought a scroll of identify for 22 gold pieces
 23017 | Orc:2    | Bought a scroll of identify for 22 gold pieces
 23033 | Orc:2    | Bought a wand of flame (6) for 63 gold pieces
 23033 | Orc:2    | Bought a wand of roots (4) for 144 gold pieces
 23033 | Orc:2    | Bought 8 stones for 12 gold pieces
 23196 | D:5      | Bought a potion of curing for 33 gold pieces
 23196 | D:5      | Bought 3 stones for 3 gold pieces
 23216 | D:5      | Bought 8 stones for 12 gold pieces
 23273 | D:7      | Killed Mig's ghost
 23363 | Lair:1   | Entered Level 1 of the Lair of Beasts
 23560 | Lair:1   | Noticed Joseph
 23572 | Lair:1   | Killed Joseph
 23848 | Lair:1   | Noticed Maggie
 23859 | Lair:1   | Killed Maggie
 24940 | Lair:2   | Found a hole to the Spider Nest.
 24988 | Lair:2   | Reached skill level 10 in Short Blades
 24988 | Lair:2   | Reached skill level 10 in Long Blades
 24988 | Lair:2   | Reached skill level 10 in Maces & Flails
 24988 | Lair:2   | Reached skill level 10 in Polearms
 24988 | Lair:2   | Reached skill level 10 in Staves
 24988 | Lair:2   | Reached skill level 10 in Ranged Weapons
 24988 | Lair:2   | Reached skill level 10 in Throwing
 24988 | Lair:2   | Reached skill level 10 in Stealth
 24988 | Lair:2   | Reached skill level 10 in Shields
 24988 | Lair:2   | Reached skill level 10 in Unarmed Combat
 24988 | Lair:2   | Reached skill level 10 in Spellcasting
 24988 | Lair:2   | Reached skill level 10 in Evocations
 25067 | Lair:2   | Identified the +5 short sword "Murmur" {distort, rPois rN+}
 25198 | Lair:2   | Reached XP level 15. HP: 110/120 MP: 29/29
 26104 | Lair:2   | Found a staircase to the Swamp.
 26554 | Lair:3   | Found a transporter.
 27003 | Lair:3   | Found a transporter.
 27007 | Lair:3   | Noticed Grendle's ghost (journeyman BaFi)
 27021 | Lair:3   | Received a gift from Trog
 27083 | Lair:3   | Identified the +11 war axe of Popular Demand {flame,
                  | *Corrode rN++ MP+9 Str+3}
 27794 | Lair:4   | Identified the +0 mace of Compound Interest {freeze, +Blink
                  | rPois rF+ Str-5}
 28305 | Lair:5   | Entered Level 5 of the Lair of Beasts
 29058 | Lair:5   | Identified the +1 robe "Gyredaenn" {Harm *Slow Will+}
 29100 | Lair:5   | Found a staircase to the Slime Pits.
 29100 | Lair:5   | Found a viscous altar of Jiyva.
 29583 | Lair:5   | Reached XP level 16. HP: 73/129 MP: 1/30
 30683 | D:12     | Bought the amulet "Ekies" {RegenMP rElec Str+2 Dex+2
                  | Slay+3} for 910 gold pieces
 30730 | D:13     | Received a gift from Trog
 31297 | D:13     | Found Cexun's Book Emporium.
 31346 | D:13     | Noticed Jorgrun
 31355 | D:13     | Killed Jorgrun
 31451 | D:13     | Found a gate to the Vaults.
 31953 | D:13     | Found Veuta Laimm's Weapon Shoppe.
 31975 | D:13     | Identified the +8 war axe of Insufficient Pleasure {heavy,
                  | rF+ Will+ Int+3}
 32342 | D:14     | Noticed Roxanne
 32390 | D:14     | Found Tism's Distillery.
 33252 | D:14     | Bought a potion of ambrosia for 120 gold pieces
 33252 | D:14     | Bought a potion of curing for 45 gold pieces
 33252 | D:14     | Bought a potion of curing for 45 gold pieces
 33489 | D:14     | Killed Roxanne
 33554 | D:15     | Entered Level 15 of the Dungeon
 33752 | D:15     | Found a staircase to the Depths.
 33855 | D:15     | Identified the +9 dagger of Wathos {heavy, SInv} (Trog
                  | gifted it to you on level 15 of the Dungeon)
 33855 | D:15     | Received a gift from Trog
 34044 | D:15     | Found the +4 skin of Zhor {*Englaciate rC+++ SInv}
 34174 | D:15     | Identified the +10 dagger of Wyfaam {holy, rC+++ rCorr
                  | Str-4 Dex-4}
 34271 | D:15     | Found a portal to a secret trove of treasure.
 34332 | D:15     | Identified the +10 hand axe of Equilibrium {drain, Dex+3}
 34515 | D:15     | Reached XP level 17. HP: 131/137 MP: 32/32
 35053 | Swamp:1  | Entered Level 1 of the Swamp
 35277 | Swamp:1  | Reached skill level 10 in Conjurations
 35277 | Swamp:1  | Reached skill level 10 in Hexes
 35277 | Swamp:1  | Reached skill level 10 in Summonings
 35277 | Swamp:1  | Reached skill level 10 in Necromancy
 35277 | Swamp:1  | Reached skill level 10 in Translocations
 35277 | Swamp:1  | Reached skill level 10 in Transmutations
 35277 | Swamp:1  | Reached skill level 10 in Fire Magic
 35277 | Swamp:1  | Reached skill level 10 in Ice Magic
 35277 | Swamp:1  | Reached skill level 10 in Air Magic
 35277 | Swamp:1  | Reached skill level 10 in Earth Magic
 35277 | Swamp:1  | Reached skill level 10 in Poison Magic
 35593 | Swamp:1  | Noticed Aizul
 35609 | Swamp:1  | Killed Aizul
 35618 | Swamp:1  | HP: 25/137 [eleionoma/spray of wooden splinters (10)]
 35998 | Swamp:1  | Identified the +2 robe of the Everdark {rElec rCorr Int-5
                  | SInv}
 36231 | Swamp:2  | Noticed Nikola
 36240 | Swamp:1  | HP: 6/137 [bunyip (23)]
 36510 | Swamp:1  | HP: 27/137 [poison (poison gas)]
 36514 | Swamp:1  | HP: 13/137 [poison (poison gas)]
 36519 | Swamp:1  | HP: 8/137 [poison (poison gas)]
 37098 | Swamp:2  | Killed Nikola
 37291 | Swamp:2  | Identified the +3 sling of Iptixad {heavy, rElec rF+ Dex+3}
 37301 | Swamp:2  | You fall into a shaft and drop 1 floor!
 37316 | Swamp:3  | HP: 11/137 [bog body (20)]
 39844 | Swamp:3  | HP: 23/137 [bog body (14)]
 40486 | Swamp:4  | Entered Level 4 of the Swamp
 41849 | Swamp:4  | Reached XP level 18. HP: 92/145 MP: 32/34
 42342 | Swamp:4  | Got a decaying rune of Zot
 42456 | Spider:1 | Entered Level 1 of the Spider Nest
 42522 | Spider:1 | Received a gift from Trog
 42815 | Spider:1 | Found a runed translucent gate.
 42816 | Spider:1 | Found a runed translucent gate.
 42824 | Spider:1 | Found a runed translucent gate.
 42826 | Spider:1 | Noticed strifetoe's ghost (adept DjHW)
 42977 | Spider:1 | HP: 23/146 [demonic crawler (10)]
 42981 | Spider:1 | HP: 10/146 [tarantella[a torpor snail] (6)]
 43004 | Spider:1 | HP: 28/146 [redback (12)]
 43010 | Spider:1 | HP: 14/146 [redback (10)]
 43881 | Spider:2 | Received a gift from Trog
 46021 | Spider:3 | Reached ****** piety under Trog
 46062 | Spider:3 | Received a gift from Trog
 47066 | Spider:4 | Entered Level 4 of the Spider Nest
 47438 | Spider:4 | Reached XP level 19. HP: 129/153 MP: 32/36
 48029 | Spider:4 | Received a gift from Trog
 50161 | Spider:4 | HP: 18/154 [emperor scorpion (19)]
 50525 | Spider:4 | Received a gift from Trog
 50698 | Spider:4 | Identified the +4 hat of the Valley of Death {Harm Str+3
                  | SInv}
 50751 | Spider:4 | Got a gossamer rune of Zot
 51162 | Spider:1 | Killed strifetoe's ghost
 51182 | Spider:1 | Identified the amulet of Jiplour {rC+ Regen+}
 51340 | Lair:3   | Reached skill level 15 in Fighting
 51340 | Lair:3   | Reached skill level 15 in Axes
 51344 | Lair:3   | Killed Grendle's ghost
 51712 | D:8      | Gained mutation: Your system is resistant to poisons.
                  | (rPois) [potion of mutation]
 51712 | D:8      | Gained mutation: Your mind is acute. (Int +4, Str/Dex -1)
                  | [potion of mutation]
 51869 | Elf:1    | Entered Level 1 of the Elven Halls
 51929 | Elf:1    | Paralysed by an air elemental for 1 turns
 52269 | Elf:1    | Paralysed by an air elemental for 1 turns
 52583 | Elf:1    | Got the Catalogue of the Assistive Shot
 52873 | Elf:2    | Received a gift from Trog
 52880 | Elf:2    | Reached skill level 15 in Invocations
 52889 | Elf:2    | Noticed Saint Roka
 52907 | Elf:2    | Killed Saint Roka
 53358 | Elf:2    | Found Uklem's Armour Boutique.
 53361 | Elf:2    | Reached XP level 20. HP: 105/162 MP: 35/37
 53386 | Elf:2    | Found Won Zicw's Book Boutique.
 53386 | Elf:2    | Found Beezxad's Weapon Shop.
 53386 | Elf:2    | Paralysed by an air elemental for 1 turns
 53390 | Elf:2    | Paralysed by an air elemental for 1 turns
 53496 | Elf:2    | Found Muhyshrod's Antique Weapon Shop.
 53711 | Elf:2    | Found a huge runed translucent gate.
 53711 | Elf:2    | Found a huge runed translucent gate.
 53711 | Elf:2    | Found a huge runed translucent gate.
 53711 | Elf:2    | Found a huge runed translucent gate.
 53711 | Elf:2    | Found a huge runed translucent gate.
 53982 | Elf:2    | Identified the +10 hand axe "Puesewni" {heavy, Str+3} (Trog
                  | gifted it to you on level 2 of the Elven Halls)
 53982 | Elf:2    | Received a gift from Trog
 54025 | Elf:2    | HP: 26/143 [+4 executioner's axe of draining (25)]
 54030 | Elf:2    | HP: 7/139 [+1 long sword of electrocution (12)]
 54030 | Elf:2    | Slain by a +1 long sword of electrocution

Illustrated notes

Levels and vault maps discovered:
D:1:      dpeg_arrival_arbitrary_b, layout_basic,
          hellmonk_ecumenical_altar_leap_of_faith, serial_shops,
          nicolae_shop_stone, minmay_misc_feat_chi
D:2:      layout_loops_ring, serial_shops, nicolae_shop_rolling_square,
          minmay_lizard_pond
D:3:      layout_rooms, serial_bayou, serial_bayou_lagoon_a,
          serial_bayou_crossing, serial_bayou_pond_c, serial_bayou_pond_b,
          serial_bayou_shore_b
D:4:      layout_rooms, minmay_door_square, uniq_natasha, uniq_duvessa
D:5:      layout_cave_pools, gammafunk_temple_overflow_pools, temple_hall,
          portal_sewer_entry_b, serial_shops, nicolae_shop_waterfront, shop,
          nicolae_shop_waterfront, shop, grunt_ministairs_9
D:6:      layout_basic, mainiacjoe_overflow_24_doors,
          mainiacjoe_overflow_alcove_2
D:7:      layout_cave_pools, nicolae_ossuary_entry_monument,
          gammafunk_ghost_smash, serial_column_ruins, column_ruins_open_small,
          column_ruins_grid_1, column_ruins_open_small_water,
          column_ruins_open_medium, column_ruins_open_small,
          column_ruins_open_tiny
D:8:      kennysheep_six_static_rooms, layout_rooms,
          grunt_lair_entry_orc_guard_hut
D:9:      layout_roguey, lemuel_round_altar, uniq_grum
D:10:     layout_loops_ring, zombieorc2_lemuel
D:11:     layout_roguey [special_room_orc], onia_ninara_cookie, uniq_erica
D:12:     layout_basic, portal_ice_cave_demonic_guard, nicolae_stop_n_shop_1,
          serial_bayou_lake_a
D:13:     layout_basic, david_vaults_1, serial_shops, shop,
          nicolae_shop_scrapyard, hex_tiny, minmay_quadrilaterals, uniq_jorgrun
D:14:     layout_cave_pods, minmay_misc_feat_cross, minmay_crystal_room,
          nicolae_inconvenience_store, uniq_roxanne
D:15:     hangedman_depths_entry_civil_slaughter, layout_irregular_city,
          minivault_24, nicolae_trove_entry_crystal, minivault_25,
          hellmonk_guarded_unrand_zhor
Lair:1:   statuecave_lemuel, layout_gridlike, st_stairs_12, uniq_joseph,
          uniq_maggie
Lair:2:   layout_chaotic_city, palyth_hydra_swamp_entry,
          nicolae_spider_entry_lesser_pyramids, grunt_megastairs_3
Lair:3:   layout_long_grid, nzn_ghost_randoct
Lair:4:   layout_regular_city, minivault_27, grunt_megastairs_2,
          serial_bayou_shore_a
Lair:5:   evilmike_catoblepas_cave, layout_long_grid, slime_entry_1,
          minmay_shattered_shrine
Swamp:1:  layout_basic_swamp, evilmike_swamp_ruin_house_4, uniq_aizul
Swamp:2:  layout_basic_swamp, nicolae_swamp_ascending_descending,
          infiniplex_staircase_pool_2, uniq_nikola
Swamp:3:  layout_falls_marsh, evilmike_swamp_ruin_house_6
Swamp:4:  swamp_fiery, layout_basic_swamp
Spider:1: layout_spider_delve, gammafunk_ghost_split
Spider:2: layout_spider_delve, hellmonk_deceptive_appearances
Spider:3: layout_spider_delve, drop_trap
Spider:4: spider_rune_water
Orc:1:    layout_diamond_mine, serial_shops, shop
Orc:2:    pf_orc_diabolical, layout_diamond_mine
Elf:1:    layout_gridlike, minmay_elf_sorcery, minivault_16
Elf:2:    elven_hall_of_blades_hangedman_alternative [nicolae_blade_lattice],
          layout_loops_corners, minmay_shoptagon, uniq_saint_roka

Skill      XL: |  1  2  3  4  5  6  7  8  9 10 11 12 13 14 15 16 17 18 19 20 |
---------------+-------------------------------------------------------------+-----
Invocations    | 1 2 3 4 5 6 7 8 10 11 12 13 14 15 | 15.2
Short Blades   | 1 2 3 5 6 7 8 9 10 11 12 13 14 | 14.0
Long Blades    | 1 2 3 5 6 7 8 9 10 11 12 13 14 | 14.0
Maces & Flails | 1 2 3 5 6 7 8 9 10 11 12 13 14 | 14.0
Polearms       | 1 2 3 5 6 7 8 9 10 11 12 13 14 | 14.0
Staves         | 1 2 3 5 6 7 8 9 10 11 12 13 14 | 14.0
Ranged Weapons | 1 2 3 5 6 7 8 9 10 11 12 13 14 | 14.0
Throwing       | 1 2 3 5 6 7 8 9 10 11 12 13 14 | 14.0
Stealth        | 1 2 3 5 6 7 8 9 10 11 12 13 14 | 14.0
Shields        | 1 2 3 5 6 7 8 9 10 11 12 13 14 | 14.0
Unarmed Combat | 1 2 3 5 6 7 8 9 10 11 12 13 14 | 14.0
Spellcasting   | 1 2 3 5 6 7 8 9 10 11 12 13 14 | 14.0
Evocations     | 1 2 3 5 6 7 8 9 10 11 12 13 14 | 14.0
Conjurations   | 1 2 3 4 5 6 7 8 9 10 11 | 11.9
Hexes          | 1 2 3 4 5 6 7 8 9 10 11 | 11.9
Summonings     | 1 2 3 4 5 6 7 8 9 10 11 | 11.9
Necromancy     | 1 2 3 4 5 6 7 8 9 10 11 | 11.9
Translocations | 1 2 3 4 5 6 7 8 9 10 11 | 11.9
Transmutations | 1 2 3 4 5 6 7 8 9 10 11 | 11.9
Fire Magic     | 1 2 3 4 5 6 7 8 9 10 11 | 11.9
Ice Magic      | 1 2 3 4 5 6 7 8 9 10 11 | 11.9
Air Magic      | 1 2 3 4 5 6 7 8 9 10 11 | 11.9
Earth Magic    | 1 2 3 4 5 6 7 8 9 10 11 | 11.9
Poison Magic   | 1 2 3 4 5 6 7 8 9 10 11 | 11.9
Armour         | 5 6 7 8 9 10 11 12 13 14 | 14.7
Dodging        | 5 6 7 8 9 10 11 12 13 14 | 14.7
Fighting       | 7 8 9 10 11 12 13 14 15 | 15.3
Axes           | 7 8 9 10 11 12 13 14 15 | 15.3

Action                     |  1- 3 |  4- 6 |  7- 9 | 10-12 | 13-15 | 16-18 | 19-21 || total
---------------------------+-------+-------+-------+-------+-------+-------+-------++-------
  Melee: Hand axe          |    64 |   134 |   277 |   516 |   651 |       |       ||  1642
         Bite              |     5 |    19 |    38 |    74 |   168 |   137 |    59 ||   500
         Punch             |     1 |     4 |    11 |     3 |       |       |       ||    19
         Broad axe         |       |       |       |       |   426 |   803 |   390 ||  1619
         War axe           |       |       |       |       |    14 |    47 |       ||    61
         Scimitar          |       |       |       |       |     6 |       |       ||     6
         Rapier            |       |       |       |       |       |       |    10 ||    10
   Fire: Hand crossbow     |       |       |       |     8 |   182 |   311 |   122 ||   623
  Throw: Stone             |    13 |    11 |       |    56 |    63 |       |       ||   143
         Dart              |       |     8 |    10 |       |   218 |     2 |     1 ||   239
         Boomerang         |       |       |       |    41 |   291 |   201 |    14 ||   547
         Javelin           |       |       |       |       |     1 |    15 |     2 ||    18
 Invoke: Berserk           |       |     1 |     1 |     4 |    10 |     2 |     1 ||    19
         Trog's Hand       |       |       |     1 |     6 |     7 |     4 |     2 ||    20
         Brothers in Arms  |       |       |       |     7 |     3 |     5 |     3 ||    18
  Evoke: Wand              |       |     8 |    28 |    32 |    34 |    53 |     9 ||   164
         Box of beasts     |       |       |       |       |     2 |     1 |     2 ||     5
    Use: Scroll            |     7 |     3 |     5 |     9 |    14 |    11 |     5 ||    54
         Potion            |       |       |     1 |    10 |     8 |    15 |     1 ||    35
   Stab: Sleeping          |       |       |       |       |     1 |       |       ||     1
         Petrifying        |       |       |       |       |     1 |       |       ||     1
         Petrified         |       |       |       |       |     1 |       |       ||     1
         Paralysed         |       |       |       |       |       |     1 |       ||     1
 Armour: Animal skin       |    10 |       |       |       |       |       |       ||    10
         Chain mail        |     6 |    64 |   129 |   117 |   139 |       |       ||   455
         Plate armour      |       |       |       |   138 |   345 |   563 |   306 ||  1352
         Skin              |       |       |       |    19 |       |       |       ||    19
  Dodge: Dodged            |    33 |    61 |   148 |   207 |   405 |   498 |   174 ||  1526
  Block: Kite shield       |       |       |       |   223 |   527 |   667 |   262 ||  1679

Table legend: (Time is in decaauts)
 A = Elapsed time spent in this place.
 B = Non-inter-level travel time spent in this place.
 C = Inter-level travel time spent in this place.
 D = Time resting spent in this place.
 E = Time spent auto-exploring this place.
 F = Levels seen in this place.
 G = Mean time per level.
                   A        B        C        D        E       F      G
               +--------+--------+--------+--------+--------+-----+--------+
         Total |  54663 |  50442 |   4221 |  17025 |  23711 |  35 | 1561.8 |
       Dungeon |  20320 |  18281 |   2039 |   4139 |  10667 |  15 | 1354.7 |
          Lair |   8277 |   7266 |   1011 |    958 |   4963 |   5 | 1655.4 |
         Swamp |   6969 |   6593 |    376 |   3511 |   2133 |   4 | 1742.2 |
   Spider Nest |   8781 |   8403 |    378 |   4594 |   1986 |   4 | 2195.2 |
  Orcish Mines |   5724 |   5320 |    404 |   2671 |   1621 |   2 | 2862.0 |
   Elven Halls |   2179 |   2168 |     11 |    324 |   1407 |   2 | 1089.5 |
         Sewer |    120 |    120 |      0 |      0 |     64 |   1 |  120.0 |
       Ossuary |    880 |    880 |      0 |     79 |    651 |   1 |  880.0 |
      Ice Cave |   1409 |   1409 |      0 |    747 |    216 |   1 | 1409.0 |
               +--------+--------+--------+--------+--------+-----+--------+

Top non-repeatable levels by time:
   Orc:2: 3851 daAuts
Spider:4: 3111 daAuts
    D:11: 3076 daAuts
Spider:3: 2692 daAuts
  Lair:5: 2111 daAuts
  Lair:2: 2110 daAuts
 Swamp:2: 1873 daAuts
   Orc:1: 1873 daAuts
 Swamp:1: 1794 daAuts
 Swamp:4: 1716 daAuts
Spider:1: 1679 daAuts
    D:12: 1653 daAuts
     D:9: 1601 daAuts
 Swamp:3: 1585 daAuts
    D:14: 1542 daAuts

Table legend:
 A = Kills in this place as a percentage of kills in the entire game.
 B = Kills by you in this place as a percentage of kills by you in the entire game.
 C = Kills by friends in this place as a percentage of kills by friends in the entire game.
 D = Other kills in this place as a percentage of other kills in the entire game.
 E = Experience gained in this place as a percentage of experience gained in the entire game.
 F = Experience gained in this place divided by the number of levels of this place that you have seen.
                   A       B       C       D       E      F
               +-------+-------+-------+-------+-------+----------------------
         Total | 100.0 | 100.0 | 100.0 | 100.0 | 100.0 | 11794.4
       Dungeon |  34.0 |  34.5 |  20.0 |  16.7 |  19.8 | 5445.3
          Lair |  15.8 |  16.4 |   0.0 |   0.0 |  16.9 | 13924.2
         Swamp |   8.8 |   8.8 |   2.2 |  50.0 |  14.4 | 14907.8
   Spider Nest |  20.9 |  20.9 |  22.2 |  16.7 |  28.2 | 29117.8
  Orcish Mines |   9.1 |   8.9 |  15.6 |  16.7 |   6.1 | 12669.0
   Elven Halls |   5.7 |   5.9 |   0.0 |   0.0 |  11.1 | 22957.5
         Sewer |   0.4 |   0.4 |   0.0 |   0.0 |   0.0 | 157.0
       Ossuary |   2.6 |   2.7 |   0.0 |   0.0 |   0.1 | 589.0
      Ice Cave |   2.6 |   1.3 |  40.0 |   0.0 |   3.2 | 13402.0
               +-------+-------+-------+-------+-------+----------------------

Levels and vault maps discovered:
D:1:      dpeg_arrival_arbitrary_b, layout_basic,
          hellmonk_ecumenical_altar_leap_of_faith, serial_shops,
          nicolae_shop_stone, minmay_misc_feat_chi
D:2:      layout_loops_ring, serial_shops, nicolae_shop_rolling_square,
          minmay_lizard_pond
D:3:      layout_rooms, serial_bayou, serial_bayou_lagoon_a,
          serial_bayou_crossing, serial_bayou_pond_c, serial_bayou_pond_b,
          serial_bayou_shore_b
D:4:      layout_rooms, minmay_door_square, uniq_natasha, uniq_duvessa
D:5:      layout_cave_pools, gammafunk_temple_overflow_pools, temple_hall,
          portal_sewer_entry_b, serial_shops, nicolae_shop_waterfront, shop,
          nicolae_shop_waterfront, shop, grunt_ministairs_9
D:6:      layout_basic, mainiacjoe_overflow_24_doors,
          mainiacjoe_overflow_alcove_2
D:7:      layout_cave_pools, nicolae_ossuary_entry_monument,
          gammafunk_ghost_smash, serial_column_ruins, column_ruins_open_small,
          column_ruins_grid_1, column_ruins_open_small_water,
          column_ruins_open_medium, column_ruins_open_small,
          column_ruins_open_tiny
D:8:      kennysheep_six_static_rooms, layout_rooms,
          grunt_lair_entry_orc_guard_hut
D:9:      layout_roguey, lemuel_round_altar, uniq_grum
D:10:     layout_loops_ring, zombieorc2_lemuel
D:11:     layout_roguey [special_room_orc], onia_ninara_cookie, uniq_erica
D:12:     layout_basic, portal_ice_cave_demonic_guard, nicolae_stop_n_shop_1,
          serial_bayou_lake_a
D:13:     layout_basic, david_vaults_1, serial_shops, shop,
          nicolae_shop_scrapyard, hex_tiny, minmay_quadrilaterals, uniq_jorgrun
D:14:     layout_cave_pods, minmay_misc_feat_cross, minmay_crystal_room,
          nicolae_inconvenience_store, uniq_roxanne
D:15:     hangedman_depths_entry_civil_slaughter, layout_irregular_city,
          minivault_24, nicolae_trove_entry_crystal, minivault_25,
          hellmonk_guarded_unrand_zhor
Lair:1:   statuecave_lemuel, layout_gridlike, st_stairs_12, uniq_joseph,
          uniq_maggie
Lair:2:   layout_chaotic_city, palyth_hydra_swamp_entry,
          nicolae_spider_entry_lesser_pyramids, grunt_megastairs_3
Lair:3:   layout_long_grid, nzn_ghost_randoct
Lair:4:   layout_regular_city, minivault_27, grunt_megastairs_2,
          serial_bayou_shore_a
Lair:5:   evilmike_catoblepas_cave, layout_long_grid, slime_entry_1,
          minmay_shattered_shrine
Swamp:1:  layout_basic_swamp, evilmike_swamp_ruin_house_4, uniq_aizul
Swamp:2:  layout_basic_swamp, nicolae_swamp_ascending_descending,
          infiniplex_staircase_pool_2, uniq_nikola
Swamp:3:  layout_falls_marsh, evilmike_swamp_ruin_house_6
Swamp:4:  swamp_fiery, layout_basic_swamp
Spider:1: layout_spider_delve, gammafunk_ghost_split
Spider:2: layout_spider_delve, hellmonk_deceptive_appearances
Spider:3: layout_spider_delve, drop_trap
Spider:4: spider_rune_water
Orc:1:    layout_diamond_mine, serial_shops, shop
Orc:2:    pf_orc_diabolical, layout_diamond_mine
Elf:1:    layout_gridlike, minmay_elf_sorcery, minivault_16
Elf:2:    elven_hall_of_blades_hangedman_alternative [nicolae_blade_lattice],
          layout_loops_corners, minmay_shoptagon, uniq_saint_roka
